 Dungeon Crawl Stone Soup version 0.26-a0-708-g17f3b190f9 (webtiles) character file.

Game seed: 5971836848391463514

5978 marklar909 the Cleaver (level 10, -5/88 HPs)
             Began as a Hill Orc Monk on Oct 27, 2020.
             Was a Priest of Qazlal.
             Slain by an orc knight
             ... wielding a cursed -2 trident
              (15 damage)
             ... in a bailey.
             The game lasted 00:21:39 (11984 turns).

marklar909 the Cleaver (Hill Orc Monk)             Turns: 11984, Time: 00:21:40

Health: -5/88      AC: 23    Str: 18    XL:     10   Next: 85%
Magic:  10/10      EV:  9    Int: 10    God:    Qazlal [***...]
Gold:   713        SH:  4    Dex: 13    Spells: 9/9 levels left

rFire    . . .     SeeInvis .   M - +0 halberd
rCold    . . .     Faith    .   (shield currently unavailable)
rNeg     . . .     Spirit   .   u - +1 shadow dragon scales
rPois    .         Reflect  .   E - +1 helmet
rElec    .         Harm     .   y - +2 cloak
rCorr    .         Rampage  .   o - +1 pair of gloves
MR       .....                  A - +0 pair of boots
Stlth    ++........             (no amulet)
HPRegen  0.24/turn              (no ring)
MPRegen  0.12/turn              (no ring)

@: no status effects
A: no striking features
a: Upheaval, Elemental Force, Renounce Religion


You were in a bailey.
You worshipped Qazlal.
Qazlal was most pleased with you.
You visited 2 branches of the dungeon, and saw 11 of its levels.
You also visited: Sewer and Bailey.

You collected 713 gold pieces.

Inventory:

Hand Weapons
 p - a +4 battleaxe of flaming
 z - a +0 dire flail of protection
 G - the +9 whip "Hupyur" {flame, Str+4, unknown}
   (You found it on level 7 of the Dungeon)

   It has been specially enchanted to burn those struck by it, causing extra
   injury to most foes and up to half again as much damage against particularly
   susceptible opponents.
   It affects your strength (+4).
 K - a +0 hand axe of venom
 M - a +0 halberd (weapon)
Missiles
 j - 3 poisoned darts (quivered)
 B - 2 javelins
Armour
 m - a scarf of invisibility
 o - a +1 pair of gloves (worn)
 u - +1 shadow dragon scales (worn)
 y - a +2 cloak (worn)
 A - a +0 pair of boots (worn)
 E - a +1 helmet (worn)
Jewellery
 J - an uncursed ring of fire {unknown}
Wands
 s - a wand of paralysis (6)
 I - a wand of disintegration (9)
 L - a wand of flame (20)
Scrolls
 a - a scroll of enchant armour
 b - 8 scrolls of remove curse
 d - 4 scrolls of magic mapping
 e - 2 scrolls of immolation
 h - 3 scrolls of identify
 i - 2 scrolls of fog
 q - 4 scrolls of teleportation
 r - a scroll of amnesia
 t - 2 scrolls of blinking
 C - a scroll of fear
Potions
 c - 2 potions of lignification
 f - 7 potions of curing
 g - 4 potions of stabbing
 k - 2 potions of haste
 l - 2 potions of ambrosia
 n - a potion of invisibility
 v - 2 potions of mutation
 w - a potion of might
 x - a potion of degeneration {unknown}
 D - a potion of brilliance {unknown}
 F - 2 potions of flight {unknown}
 H - 2 potions of resistance {unknown}


   Skills:
 + Level 8.1 Fighting
 + Level 13.5 Axes
 + Level 3.3 Throwing
 + Level 7.6 Armour
 + Level 4.3 Dodging
 - Level 4.1 Stealth
 + Level 2.4 Evocations


You had 9 spell levels left.
You didn't know any spells.
Your spell library contained the following spells:

 Spells                   Type           Power        Failure   Level
 Sandblast                Erth           #.....       98%         1
 Summon Small Mammal      Summ           #...         98%         1
 Call Imp                 Summ           #.......     99%         2
 Passwall                 Tmut/Erth      #.......     99%         2
 Call Canine Familiar     Summ           #.......     100%        3
 Stone Arrow              Conj/Erth      #.....       100%        3
 Summon Guardian Golem    Hex/Summ       #.......     100%        3
 Petrify                  Tmut/Erth      #.......     100%        4
 Summon Ice Beast         Ice/Summ       #.......     100%        4
 Summon Lightning Spire   Summ/Air       #.......     100%        4
 Lee's Rapid Deconstruct  Erth           #.........   100%        5


Dungeon Overview and Level Annotations

Branches:
Dungeon (10/15)            Temple (1/1) D:5            Lair (0/6) D:9
  Sewer (visited)          Bailey (1/1)
    Orc: D:9-12

Altars:
Ashenzari
Cheibriados
Dithmenos
Elyvilon
Fedhas
Gozag
Hepliaklqana
Kikubaaqudgha
Makhleb
Nemelex Xobeh
Okawaru
Qazlal
Ru
Sif Muna
Trog
Uskayaw
Vehumet
Wu Jian
Xom
Yredelemnul
Zin
The Shining One

Annotations:
D:8 1 runed translucent door, exclusion: 4 orange crystal statues


Message History

The orc warrior shoots a bolt.
The bolt hits you but does no damage.
An orc warrior comes into view. It is wielding a +0 glaive.
An orc knight comes into view. It is wielding a -2 trident.
The orc warrior shouts!
The orc warrior shoots a bolt.
The bolt hits you.
* * * LOW HITPOINT WARNING * * *
The orc warrior shoots a bolt.
The bolt hits you.
* * * LOW HITPOINT WARNING * * *
The orc knight roars a battlecry!
The orcs go into a battle-frenzy!
You hear a shout!
An orc comes into view. It is wielding a +0 trident.
The orc warrior shoots a bolt.
The bolt hits you!
* * * LOW HITPOINT WARNING * * *
An orc warrior comes into view. It is wielding a +0 arbalest.
The orc warrior shoots a bolt.
The bolt hits you.
* * * LOW HITPOINT WARNING * * *
An orc warrior comes into view. It is wielding a +0 halberd.
The orc knight hits you from afar with a cursed -2 trident!
You die...

### ###### ##∩##
######
##.....##.∩.##.....##
#..≈≈≈..#...#..≈≈≈..#
#.≈≈.≈≈.).....≈≈o≈≈.#
+.≈.oo≈.......≈oo.≈.+
#.≈≈o≈≈.[@.o.o≈≈o≈≈.#
#.o≈≈≈..#...#..≈≈≈..#
##..oo.##...##.....##
###### ##∩## ######
###


You could see an orc knight, 8 orc warriors and 3 orcs.

Vanquished Creatures
  An orc knight (Bailey)
  A deep elf mage (D:8)
  Grinder (D:4)
  Prince Ribbit (D:5)
  Sigmund (D:4)
  A wyvern (D:8)
  Menkaure (D:4)
  A steam dragon (D:9)
  Edmund (D:6)
  2 black bears (D:8)
  2 ice beasts
  Purgy (Sewer)
  6 orc warriors
  A sky beast (D:8)
  2 necrophages (D:9)
  A phantom (D:6)
  3 ogres
  4 centaurs
  A big kobold (D:4)
  Blork the orc (D:4)
  5 bullfrogs
  3 scorpions
  2 jellies
  3 killer bees (D:9)
  8 wights
  2 quasits
  A bullfrog skeleton (D:6)
  3 orc priests
  Crazy Yiuf (D:2)
  3 hounds
  4 orc wizards
  2 iguanas
  Natasha (thrice) (D:2)
  2 worker ants
  A killer bee zombie (D:8)
  A hound zombie (D:8)
  2 hound skeletons
  A worker ant zombie (D:5)
  Robin (D:3)
  9 adders
  9 gnolls
  2 shadow imps (D:9)
  A white imp (D:9)
  An ufetubus (D:5)
  2 adder skeletons
  4 worms
  6 dart slugs
  4 leopard geckos
  38 orcs
  5 giant cockroaches
  16 hobgoblins
  5 jackals
  3 quokkas
  8 bats
  7 frilled lizards
  19 goblins
  45 kobolds
  A leopard gecko skeleton (D:6)
  A leopard gecko zombie (D:2)
  A quokka zombie (D:5)
  6 rats
  A spectral orc (D:4)
275 creatures vanquished.

Vanquished Creatures (others)
  2 fungi (D:9)
  A plant (D:9)
3 creatures vanquished.

Grand Total: 278 creatures vanquished

Notes
Turn   | Place    | Note
-------+----------+-------------------------------------------
     0 | D:1      | marklar909 the Hill Orc Monk began the quest for the Orb.
     0 | D:1      | Reached XP level 1. HP: 19/19 MP: 1/1
    38 | D:1      | Reached XP level 2. HP: 21/27 MP: 2/2
   361 | D:1      | Reached XP level 3. HP: 27/33 MP: 3/3
   934 | D:2      | Noticed Natasha
   945 | D:2      | Killed Natasha
   945 | D:2      | Reached skill level 5 in Axes
   945 | D:2      | Reached XP level 4. HP: 21/40 MP: 4/4
  1314 | D:2      | Reached skill level 1 in Armour
  1539 | D:2      | Noticed Natasha
  1547 | D:2      | Killed Natasha
  1670 | D:2      | Reached XP level 5. HP: 46/46 MP: 5/5
  1731 | D:2      | Noticed Natasha
  1746 | D:2      | Killed Natasha
  2272 | D:2      | Found a runed translucent door.
  2273 | D:2      | Noticed Crazy Yiuf
  2425 | D:2      | Killed Crazy Yiuf
  2425 | D:2      | Reached skill level 6 in Axes
  2706 | D:2      | Reached XP level 6. HP: 36/52 MP: 6/6
  3930 | D:3      | Noticed Robin
  3953 | D:3      | Killed Robin
  3992 | D:3      | Found a blossoming altar of Fedhas.
  4308 | D:4      | Found a broken altar of Ashenzari.
  4334 | D:4      | Found a basalt altar of Yredelemnul.
  4380 | D:4      | Noticed Menkaure
  4397 | D:4      | Killed Menkaure
  4397 | D:4      | Reached skill level 7 in Axes
  4397 | D:4      | Reached XP level 7. HP: 13/60 MP: 7/7
  4692 | D:4      | Noticed Grinder
  4693 | D:4      | Paralysed by Grinder for 2 turns
  4704 | D:4      | Paralysed by Grinder for 7 turns
  4722 | D:4      | Killed Grinder
  4722 | D:4      | Reached skill level 5 in Fighting
  5118 | D:4      | Reached skill level 8 in Axes
  5118 | D:4      | Reached XP level 8. HP: 20/68 MP: 8/8
  5209 | D:4      | Noticed Blork the orc
  5234 | D:4      | Killed Blork the orc
  5234 | D:4      | Reached skill level 1 in Evocations
  5384 | D:4      | Noticed Sigmund
  5397 | D:4      | Killed Sigmund
  5397 | D:4      | Reached skill level 1 in Throwing
  5604 | D:4      | Reached skill level 5 in Armour
  6175 | D:5      | Entered Level 5 of the Dungeon
  6194 | D:5      | Reached skill level 9 in Axes
  6430 | D:5      | Found a staircase to the Ecumenical Temple.
  6431 | D:5      | Noticed Prince Ribbit
  6445 | D:5      | Killed Prince Ribbit
  6458 | Temple   | Entered the Ecumenical Temple
  6771 | Temple   | Became a worshipper of Qazlal Stormbringer
  6771 | Temple   | Reached * piety under Qazlal
  6771 | Temple   | Reached ** piety under Qazlal
  6847 | D:5      | Reached XP level 9. HP: 60/75 MP: 9/9
  6986 | D:5      | Found a sacrificial altar of Ru.
  6990 | D:5      | Found an ornate altar of the Wu Jian Council.
  6990 | D:5      | Found a sparkling altar of Nemelex Xobeh.
  6993 | D:5      | Found a hazy altar of Hepliaklqana.
  7567 | D:6      | Reached skill level 10 in Axes
  7748 | D:6      | Noticed Edmund
  7783 | D:6      | Killed Edmund
  7914 | D:6      | Found a glowing drain.
  7936 | Sewer    | Entered a sewer
  8024 | Sewer    | Noticed Purgy
  8041 | Sewer    | Killed Purgy
  8223 | D:6      | Found a stormy altar of Qazlal.
  8727 | D:6      | Reached skill level 11 in Axes
  8876 | D:7      | Reached *** piety under Qazlal
  8884 | D:7      | Got a crystal whip
  9659 | D:8      | Noticed a deep elf mage
  9675 | D:8      | Killed a deep elf mage
  9675 | D:8      | Reached XP level 10. HP: 41/86 MP: 10/10
  9972 | D:8      | Found a snail-covered altar of Cheibriados.
  9993 | D:8      | Reached skill level 12 in Axes
 10299 | D:8      | Found a shimmering altar of Xom.
 10572 | D:8      | Found a runed translucent door.
 10581 | D:8      | Found the +10 tower shield of Ignorance {rN+ Int-4}
 10586 | D:8      | Found a runed translucent door.
 10606 | D:8      | Noticed an orange crystal statue
 10693 | D:8      | Noticed an orange crystal statue
 10693 | D:8      | Noticed an orange crystal statue
 10693 | D:8      | Noticed an orange crystal statue
 11225 | D:9      | Found a staircase to the Lair.
 11364 | D:9      | Reached skill level 13 in Axes
 11874 | D:10     | Entered Level 10 of the Dungeon
 11899 | D:10     | Found a flagged portal.
 11907 | Bailey   | Entered a bailey
 11907 | Bailey   | Noticed an orc knight
 11924 | Bailey   | Killed an orc knight
 11977 | Bailey   | Noticed an orc knight
 11983 | Bailey   | Identified the +6 war axe of True Grit {elec, rC+ MP+9
                  | Str+4}
 11984 | Bailey   | Slain by an orc knight

Illustrated notes

Levels and vault maps discovered:
D:1:      dpeg_arrival_lava_altar, layout_rooms
D:2:      layout_loops_corners, minmay_tetromino_i4, uniq_crazy_yiuf_cottage,
          uniq_natasha
D:3:      layout_basic, nicolae_overflow_crystal_walls, uniq_robin
D:4:      minmay_goblin_kobold_castle, layout_loops_ring,
          evilmike_ruin_ashenzari, yredelemnul_forgotten_temple_becter,
          uniq_menkaure, uniq_sigmund, uniq_blork_the_orc, uniq_grinder
D:5:      layout_layer_cave, grunt_temple_overflow_open,
          minmay_temple_entry_ruins, uniq_prince_ribbit1
D:6:      layout_basic, cheibrodos_sewer_entry_drain, basic_altar, uniq_edmund
D:7:      layout_basic
D:8:      layout_gridville, cheibriados_altar_1, basic_altar,
          chequers_guarded_unrand_ignorance
D:9:      layout_basic, dpeg_oklobed_lair
D:10:     layout_gridville, enter_bailey_2, uniq_maggie
Temple:   minmay_temple_curvy_branch
Bailey:   bailey_polearm_4, bailey

Skill      XL: |  1  2  3  4  5  6  7  8  9 10 |
---------------+-------------------------------+-----
Dodging        | 3 4 |  4.3
Fighting       | 4 5 6 7 8 |  8.1
Axes           | 5 6 7 8 9 11 13 | 13.5
Armour         | 1 2 3 4 5 6 7 |  7.6
Stealth        | 2 3 4 |  4.1
Evocations     | 1 2 |  2.4
Throwing       | 1 3 |  3.3

Action                   |  1- 3 |  4- 6 |  7- 9 | 10-12 || total
-------------------------+-------+-------+-------+-------++-------
Melee: Hand axe          |    76 |   342 |   430 |       ||   848
       Battleaxe         |       |       |    15 |   135 ||   150
       Halberd           |       |       |       |    19 ||    19
Throw: Dart              |     2 |    16 |    33 |       ||    51
       Javelin           |       |     4 |    12 |       ||    16
Evoke: Wand              |       |     2 |    10 |     1 ||    13
  Use: Scroll            |       |     3 |    25 |     1 ||    29
       Potion            |       |       |     2 |       ||     2
 Stab: Sleeping          |       |     4 |    13 |       ||    17
       Distracted        |       |     1 |       |       ||     1
       Paralysed         |       |       |     4 |       ||     4
Armor: Robe              |     2 |       |       |       ||     2
       Ring mail         |    15 |    26 |       |       ||    41
       Shadow dragon sca |       |   201 |   273 |    91 ||   565
Dodge: Dodged            |    53 |   163 |   173 |    62 ||   451
Block: Other             |       |       |    29 |    36 ||    65

Table legend: (Time is in decaauts)
 A = Elapsed time spent in this place.
 B = Non-inter-level travel time spent in this place.
 C = Inter-level travel time spent in this place.
 D = Time resting spent in this place.
 E = Time spent auto-exploring this place.
 F = Levels seen in this place.
 G = Mean time per level.
                   A        B        C        D        E       F      G
               +--------+--------+--------+--------+--------+-----+--------+
         Total |  11996 |  11366 |    630 |   1450 |   7618 |  13 |  922.8 |
       Dungeon |  11391 |  10805 |    586 |   1428 |   7228 |  10 | 1139.1 |
        Temple |    335 |    291 |     44 |     22 |    268 |   1 |  335.0 |
         Sewer |    190 |    190 |      0 |      0 |    122 |   1 |  190.0 |
        Bailey |     79 |     79 |      0 |      0 |      0 |   1 |   79.0 |
               +--------+--------+--------+--------+--------+-----+--------+

Top non-repeatable levels by time:
     D:2: 2141 daAuts
     D:4: 1897 daAuts
     D:8: 1360 daAuts
     D:3: 1356 daAuts
     D:6: 1129 daAuts
     D:9: 992 daAuts
     D:5: 930 daAuts
     D:1: 875 daAuts
     D:7: 674 daAuts
  Temple: 335 daAuts
   Sewer: 190 daAuts
  Bailey: 79 daAuts
    D:10: 32 daAuts
